 Dungeon Crawl Stone Soup version 0.19.5 (webtiles) character file.

280 airbag the Archer (level 6, 0/51 HPs)
             Began as a Centaur Hunter on Apr 9, 2017.
             Was an Initiate of Dithmenos.
             Succumbed to a worker ant's poison
             ... on level 4 of the Dungeon.
             The game lasted 00:41:02 (4002 turns).

airbag the Archer (Centaur Hunter)                  Turns: 4002, Time: 00:41:03

Health: 0/51       AC:  7    Str: 13 (16) XL:     6   Next: 5%
Magic:  6/6        EV:  4    Int:  8 (10) God:    Dithmenos [......]
Gold:   159        SH:  0    Dex:  8 (10) Spells: 0 memorised, 5 levels left

rFire  . . .     SeeInvis .     b - +0 short sword
rCold  . . .     Gourm    .     q - +0 chain mail
rNeg   . . .     Faith    +     (no shield)
rPois  .         Spirit   .     (helmet restricted)
rElec  .         Reflect  .     (no cloak)
rCorr  .         Harm     .     (no gloves)
MR     .....                    (no barding)
Stlth  ..........               h - amulet of faith
                                (no ring)
                                (no ring)

@: lethally poisoned (0 -> -9), very quick
A: hooves 3, horns 1, deformed body, speed 2, tough skin 3
a: Renounce Religion


You were on level 4 of the Dungeon.
You worshipped Dithmenos.
Dithmenos was noncommittal.
You were not hungry.

You visited 1 branch of the dungeon, and saw 4 of its levels.

You collected 159 gold pieces.

Inventory:

Hand Weapons
 a - a +1 shortbow
 b - a +0 short sword (weapon)
 i - a +0 dagger
 p - a +0 trident
 v - a +0 giant spiked club
Missiles
 e - 97 stones (quivered)
Armour
 c - a +0 leather armour
 g - a +0 ring mail
 j - a +0 robe
 k - a +1 pair of boots
 o - a +0 robe
 q - a +0 chain mail (worn)
 r - a +0 shield
 s - a +0 ring mail
Jewellery
 h - an amulet of faith (around neck)
 l - an uncursed ring of teleportation
Wands
 t - a wand of random effects (28/48)
Scrolls
 u - a scroll of identify
Comestibles
 f - 4 bread rations
 m - a royal jelly


   Skills:
 + Level 3.2 Fighting
 + Level 8.2 Bows
 + Level 0.4 Throwing
 + Level 1.1 Armour
 + Level 1.8 Dodging
 + Level 0.6 Stealth


You had 5 spell levels left.
You didn't know any spells.

Dungeon Overview and Level Annotations

Branches:
Dungeon (4/15)
 Temple: D:4-7

Altars:
Dithmenos
Hepliaklqana


Innate Abilities, Weirdness & Mutations

You have hooves in place of feet.
Armour fits poorly on your strangely shaped body.
You cover ground very quickly.
You have extremely tough skin. (AC +3)
You have a pair of small horns on your head.


Message History

The worker ant poisons you!
You hit the worker ant.
You kill the worker ant!
Dithmenos accepts your kill.
You have reached level 6!
Your experience leads to an increase in your attributes!
Your base attributes are Str 15, Int 10, Dex 10.
Increase (S)trength, (I)ntelligence, or (D)exterity?
You feel stronger.
* * * LOW HITPOINT WARNING * * *
You feel sick.
You start eating the royal jelly.
Keep eating?
* * * LOW HITPOINT WARNING * * *
You feel sick.
You continue eating.
* * * LOW HITPOINT WARNING * * *
You feel sick.
You continue eating.
You die... #########.######.########.####### #..# #.# #.# # ##.# #.# #.# # #.## #.# #.# # #..# #.# #.## # ##.## #.# #..# lP #..# #.# ##.# PP. #######.###.# #.# PlPP #..........@# #.#PlPll

#.#####.###(#
#...P# #.#
#.a..##.# ######
#.# #....##(# #.#
#....##.# #.#
#.....#.# #.#
#.....#.#
#####.###.....#(#
#........####...#


There were no monsters in sight!

Vanquished Creatures
  An ogre (D:4)
  Jessica (D:2)
  A worker ant (D:4)
  7 adders
  2 worms
  4 dart slugs
  2 leopard geckos
  4 orcs
  8 bats
  5 giant cockroaches
  7 goblins
  5 hobgoblins
  3 jackals (D:3)
  A frilled lizard (D:2)
  A jackal skeleton (D:4)
  4 kobolds (D:1)
  13 rats
69 creatures vanquished.

Vanquished Creatures (others)
  10 plants (D:4)
10 creatures vanquished.

Grand Total: 79 creatures vanquished

Notes
Turn   | Place    | Note
-------+----------+-------------------------------------------
     0 | D:1      | airbag the Centaur Hunter began the quest for the Orb.
     0 | D:1      | Reached XP level 1. HP: 17/17 MP: 1/1
   555 | D:1      | Reached XP level 2. HP: 24/24 MP: 2/2
  1068 | D:1      | Reached skill level 6 in Bows
  1384 | D:2      | Reached XP level 3. HP: 30/30 MP: 3/3
  1749 | D:2      | Noticed Jessica
  1755 | D:2      | Killed Jessica
  1755 | D:2      | Reached XP level 4. HP: 37/37 MP: 4/4
  1774 | D:2      | Reached skill level 7 in Bows
  2626 | D:3      | Reached XP level 5. HP: 31/42 MP: 5/5
  2826 | D:3      | Found a shadowy altar of Dithmenos.
  2857 | D:3      | Became a worshipper of Dithmenos the Shadowed
  2924 | D:3      | Gained mutation: You have a pair of small horns on your head. [potion of beneficial mutation]
  2959 | D:3      | Found a hazy altar of Hepliaklqana.
  3309 | D:4      | Noticed a phantom
  3651 | D:4      | Noticed an ogre
  3689 | D:4      | Killed an ogre
  3689 | D:4      | Reached skill level 8 in Bows
  3689 | D:4      | Reached skill level 1 in Armour
  3999 | D:4      | Reached XP level 6. HP: 3/51 MP: 6/6
  3999 | D:4      | HP: 2/51 [poisoned by a worker ant]
  4002 | D:4      | Succumbed to a worker ant's poison

Skill      XL: |  1  2  3  4  5 |
---------------+----------------+-----
Bows           | 6 7 8 |  8.2
Fighting       | 3 |  3.2
Armour         | 1 |  1.1
Throwing       | |  0.4
Dodging        | |  1.8
Stealth        | |  0.6

Action                   |  1- 3 |  4- 6 || total
-------------------------+-------+-------++-------
Melee: Trident           |       |    13 ||    13
       Short sword       |       |    32 ||    32
       Kick              |       |     7 ||     7
       Headbutt          |       |     2 ||     2
 Fire: Shortbow          |    96 |   156 ||   252
Throw: Stone             |       |    20 ||    20
  Use: Potion            |     1 |     4 ||     5
       Scroll            |     1 |     5 ||     6
  Eat: Chunk             |     1 |     4 ||     5
       Bread ration      |       |     1 ||     1
Armor: Leather armour    |     4 |       ||     4
       Ring mail         |    26 |     9 ||    35
       Chain mail        |       |    82 ||    82
Dodge: Dodged            |    15 |    39 ||    54
